 Dungeon Crawl Stone Soup version 0.28.0 (webtiles) character file.

Game seed: 5362913292788342230

80 issech the Cudgeller (level 4, -5/44 HPs)
             Began as a Troll Monk on Feb 14, 2022.
             Slain by Grinder (6 damage)
             ... on level 3 of the Dungeon.
             The game lasted 00:05:49 (1759 turns).

issech the Cudgeller (Troll Monk)                   Turns: 1759, Time: 00:05:50

Health: -5/44      AC:  5    Str: 19    XL:     4   Next: 18%
Magic:  3/3        EV: 10    Int:  6    God:
Gold:   109        SH:  0    Dex: 14    Spells: 3/3 levels left

rFire   . . .      SeeInvis .   a - +0 mace
rCold   . . .      Faith    .   (no shield)
rNeg    . . .      Spirit   .   j - +1 robe {Will+}
rPois   .          Reflect  .   (helmet restricted)
rElec   .          Harm     .   (no cloak)
rCorr   .          Rampage  .   (gloves unavailable)
Will    +....                   (boots unavailable)
Stlth   ++........              (no amulet)
HPRegen 0.94/turn               (no ring)
MPRegen 0.08/turn               (no ring)

@: no status effects
A: large, unfitting armour, claws 3, regeneration 1, shaggy fur 1, tough skin 1
a: no special abilities


You were on level 3 of the Dungeon.
You visited 1 branch of the dungeon, and saw 3 of its levels.

You collected 109 gold pieces.

Inventory:

Hand Weapons
 a - a +0 mace (weapon)
Missiles
 e - 23 stones (quivered)
 g - 5 poisoned darts
Armour
 b - a +0 robe
 j - a +1 robe of willpower (worn)
Scrolls
 c - 3 scrolls of identify {unknown}
 d - a scroll of silence {unknown}
 f - a scroll of fog {unknown}
Potions
 h - a potion of heal wounds {unknown}
 i - a potion of curing


   Skills:
 + Level 2.8 Fighting
 + Level 3.7 Maces & Flails
 + Level 2.9 Dodging
 + Level 1.2 Stealth


You had 3 spell levels left.
You didn't know any spells.
Your spell library was empty.

Dungeon Overview and Level Annotations

Branches:
Dungeon (3/15)

Altars:
Yredelemnul

Shops:
D:2 *

Annotations:
D:3 Grinder


Innate Abilities, Weirdness & Mutations

You are too large for most types of armour.
You have claws for hands.
Your natural rate of healing is unusually fast.
You are covered in fur. (AC +1)
You have tough skin. (AC +1)


Message History

You hit Grinder but do no damage.
Grinder is lightly wounded.
Grinder closely misses you.
You closely miss Grinder.
Grinder is lightly wounded.
Grinder gestures at you. You resist with some effort.
You hit Grinder but do no damage.
Grinder is lightly wounded.
Grinder barely misses you.
Grinder zaps a wand.
The puff of flame hits you.
You sock Grinder!
Grinder is moderately wounded.
Grinder gestures at you. You resist with some effort.
You hit Grinder.
Grinder is heavily wounded.
Grinder blinks!
Grinder gestures at you. You resist with some effort. Grinder hits you!
You writhe in agony.
You hit Grinder.
Grinder is heavily wounded.
Grinder blinks!
Grinder zaps a wand.
The puff of flame hits you. Grinder gestures at you.
Pain shoots through your body!
* * * LOW HITPOINT WARNING * * *
Grinder gestures at you. Pain shoots through your body!
* * * LOW HITPOINT WARNING * * *
Grinder zaps a wand.
The puff of flame hits you.
* * * LOW HITPOINT WARNING * * *
Grinder blinks!
Grinder gestures at you. You resist with some effort.
Grinder blinks!
Grinder hits you.
* * * LOW HITPOINT WARNING * * *
You writhe in agony.
You die...

. #.# #.# #.# #§# #.#
### #.# ... #.# #.#
###5# #.# ##.@.# #.###
##..### #.#§##
####...##########....###
#............5..........
####...#########.#...###
##..# ......## ##.#
[......## #.. #.#.#.#.#
#.. # #.#.#.#


You could see Grinder.

Vanquished Creatures
  Jessica (D:2)
  An adder (D:3)
  4 ball pythons
  6 bats
  5 endoplasms
  5 giant cockroaches
  3 goblins
  2 hobgoblins
  4 jackals (D:2)
  3 kobolds
  A quokka (D:2)
  4 frilled lizards (D:1)
  4 rats
43 creatures vanquished.

Notes
Turn   | Place    | Note
-------+----------+-------------------------------------------
     0 | D:1      | issech the Troll Monk began the quest for the Orb.
     0 | D:1      | Reached XP level 1. HP: 22/22 MP: 0/0
   268 | D:1      | Reached XP level 2. HP: 29/29 MP: 1/1
   296 | D:1      | Reached skill level 3 in Maces & Flails
   920 | D:2      | Found Doilishru's General Store.
   997 | D:2      | Found a basalt altar of Yredelemnul.
  1080 | D:2      | Reached XP level 3. HP: 36/36 MP: 2/2
  1106 | D:2      | Noticed Jessica
  1130 | D:2      | Killed Jessica
  1453 | D:2      | Reached XP level 4. HP: 44/44 MP: 3/3
  1701 | D:3      | Noticed Grinder
  1755 | D:3      | HP: 2/44 [Grinder/puff of flame (5)]
  1759 | D:3      | Slain by Grinder

Illustrated notes

Levels and vault maps discovered:
D:1:      dpeg_arrival_rooms_c, layout_loops_corners
D:2:      layout_loops_ring, basic_altar, serial_shops, shop, uniq_jessica
D:3:      layout_loops_corners, shapermc_ecumenical_altar_mp_urbaneastern,
          kennysheep_small_spiral, minmay_misc_feat_alley, uniq_grinder,
          uniq_crazy_yiuf_cottage, uniq_sigmund

Skill      XL: |  1  2 |
---------------+-------+-----
Maces & Flails | 3 |  3.7
Fighting       | |  2.8
Dodging        | |  2.9
Stealth        | |  1.2

Action                   |  1- 3 |  4- 6 || total
-------------------------+-------+-------++-------
Melee: Mace              |    93 |    26 ||   119
 Stab: Sleeping          |     4 |       ||     4
Armor: Robe              |    49 |     8 ||    57
Dodge: Dodged            |    64 |    15 ||    79
